 Dungeon Crawl Stone Soup version 0.29-a0-559-g359e09b9d1 (console) character file.

Game seed: 7952741297981051289

4244 myrkia the Warrior (level 10, -1/127 HPs)
             Began as an Ogre Hunter on June 9, 2022.
             Was an Initiate of Gozag.
             Slain by a yak (8 damage)
             ... on level 8 of the Dungeon.
             The game lasted 00:22:16 (13552 turns).

myrkia the Warrior (Ogre Hunter)                   Turns: 13552, Time: 00:22:17

Health: -1/127     AC:  6    Str: 17    XL:     10   Next: 30%
Magic:  10/10      EV: 10    Int: 14    God:    Gozag
Gold:   464        SH:  0    Dex: 14    Spells: 9/9 levels left

rFire   . . .      SeeInvis .   b - +3 flail {drain, rElec Int+2}
rCold   . . .      Faith    .   (no shield)
rNeg    + . .      Spirit   .   n - +0 robe
rPois   .          Reflect  .   (helmet restricted)
rElec   +          Harm     .   r - +2 cloak {rCorr}
rCorr   +          Rampage  .   (gloves unavailable)
Will    +....                   (boots unavailable)
Stlth   ++........              (no amulet)
HPRegen 0.31/turn               u - ring of positive energy
MPRegen 0.12/turn               (no ring)

@: mighty, brilliant
A: large, unfitting armour, tough skin 1
a: Renounce Religion, Potion Petition, Call Merchant, Bribe Branch


You were on level 8 of the Dungeon.
You worshipped Gozag.
Gozag was aware of your devotion.
You visited 3 branches of the dungeon, and saw 11 of its levels.

You collected 913 gold pieces.
You spent 130 gold pieces at shops.
You paid 319 gold pieces to Gozag.

Inventory:

Hand Weapons
 a - a +1 hunting sling
 b - the +3 flail "Juacrepn" (weapon) {drain, rElec Int+2}
   (You found it on level 3 of the Dungeon)

   A truly terrible weapon, it drains the life of any living foe it strikes.
   Int:       It affects your intelligence (+2).
   rElec:     It insulates you from electricity.
Missiles
 f - 22 poisoned darts (quivered)
 t - a curare-tipped dart
 z - 2 throwing nets
Armour
 n - a +0 robe (worn)
 r - a +2 cloak of preservation (worn)
Jewellery
 p - a ring of ice
 u - a ring of positive energy (left hand)
 v - a ring of ice
 B - an amulet of magic regeneration
Wands
 g - a wand of iceblast (10)
 w - a wand of mindburst (9)
 y - a wand of charming (3)
Scrolls
 c - 3 scrolls of immolation
 l - a scroll of vulnerability
 x - 3 scrolls of teleportation
 C - a scroll of identify
Potions
 d - a potion of attraction
 e - 5 potions of cancellation
 h - a potion of mutation
 i - 3 potions of heal wounds
 j - 3 potions of curing
 k - 3 potions of magic {unknown}
 m - 2 potions of invisibility
 o - 2 potions of ambrosia
 q - 2 potions of berserk rage
 s - 5 potions of flight
 A - a potion of might


   Skills:
 + Level 16.2 Fighting
 - Level 2.9(4.0) Slings
 - Level 5.3(6.0) Throwing
 - Level 1.7 Dodging
 - Level 0.6 Stealth
 - Level 4.0 Evocations


You had 9 spell levels left.
You didn't know any spells.
Your spell library contained the following spells:

 Spells                   Type           Power      Damage    Failure   Level
 Magic Dart               Conj           0%         1d3       28%         1
 Blink                    Tloc           0%         N/A       41%         2
 Searing Ray              Conj           0%         2d4       41%         2
 Call Canine Familiar     Summ           0%         N/A       65%         3
 Lesser Beckoning         Tloc           0%         N/A       65%         3
 Portal Projectile        Hex/Tloc       0%         N/A       65%         3
 Fulminant Prism          Conj/Hex       0%         3d6       96%         4
 Leda's Liquefaction      Hex/Erth       0%         N/A       96%         4
 Manifold Assault         Tloc           0%         N/A       100%        5


Dungeon Overview and Level Annotations

Branches:
Dungeon (9/15)             Temple (1/1) D:6            Lair (1/6) D:8
    Orc: D:9-12

Altars:
Ashenzari
Cheibriados
Dithmenos
Elyvilon
Fedhas
Gozag
Hepliaklqana
Kikubaaqudgha
Makhleb
Nemelex Xobeh
Okawaru
Qazlal
Ru
Sif Muna
Trog
Uskayaw
Vehumet
Wu Jian
Xom
Yredelemnul
Zin
The Shining One

Shops:
D:1 !   D:4 !


Innate Abilities, Weirdness & Mutations

You are too large for most types of armour.
You have tough skin. (AC +1)


Message History

The yak gores you!
The yak gores the plant.
The yak gores the plant!
You barely miss the yak.
A nearby plant withers and dies.
The yak gores you!
* * * LOW HITPOINT WARNING * * *
The yak gores the plant!
The yak gores the plant.
You hit the yak but do no damage.
A nearby plant withers and dies. x2
The yak completely misses you.
The yak gores the plant!
The plant begins to die.
The yak attacks as you move away! The yak gores you.
* * * LOW HITPOINT WARNING * * *
The yak attacks as you move away! The yak gores you!
* * * LOW HITPOINT WARNING * * *
The yak gores the plant.
The plant begins to die.
The yak attacks as you move away! The yak gores you!
* * * LOW HITPOINT WARNING * * *
The yak attacks as you move away! The yak barely misses you.
Okay, then.
Okay, then.
Unknown command.
Okay, then.
Okay, then.
You feel better. The yak gores you!
* * * LOW HITPOINT WARNING * * *
The yak gores something! x2 [a] - 216 gold - might and brilliance [b] - 392 gold - resistance and might [c] - 870 gold - haste, heal wounds, resistance and might Purchase which effect? [a] - 216 gold - might and brilliance [b] - 392 gold - resistance and might [c] - 870 gold - haste, heal wounds, resistance and might Purchase which effect?
You don't have enough gold for that! [a] - 216 gold - might and brilliance [b] - 392 gold - resistance and might [c] - 870 gold - haste, heal wounds, resistance and might Purchase which effect?
You feel very mighty all of a sudden.
You feel clever all of a sudden.
A nearby plant withers and dies. x2; The yak gores you!
You die...
Your body crumbles into a pile of gold.

...............#.##.......#
...............#........<.#
###.#..............<......#
###)##....................#
.)))...............#......#
.##.####...........#......#
......<#...........#......#
#..###.#...........###...##
##..##.........#@...##.#.######
##..#######....Y####..........#
.......##...P..YP.##..........#
#......#.......YPPP#..........#
..................P#.....######
..........P.......P#......#
...........PP..>..P#.....##
#...)..#..PPPP....P#.....#
#......##..PPPPPPP##.....#


You could see 3 yaks.

Vanquished Creatures
  A komodo dragon (D:8)
  A shadow (D:9)
  2 yaks (D:8)
  4 steam dragons (D:8)
  2 water moccasins (D:9)
  Duvessa (D:5)
  A sky beast (D:6)
  A black bear (D:6)
  A wolf (D:8)
  2 centaurs
  An ogre (D:6)
  2 phantoms
  4 kobold brigands
  3 scorpions
  2 bullfrogs
  3 necrophages
  4 killer bees (D:5)
  6 howler monkeys
  3 hounds (D:6)
  Crazy Yiuf (D:4)
  5 orc priests
  Ijyb (D:4)
  3 iguanas
  9 orc wizards
  7 gnolls
  8 adders
  2 shadow imps
  2 white imps (D:7)
  3 worms
  2 dart slugs
  23 orcs
  6 ball pythons
  5 endoplasms
  4 giant cockroaches
  13 goblins
  8 hobgoblins
  16 jackals
  5 quokkas
  3 bats
  6 frilled lizards
  20 kobolds
  6 rats
202 creatures vanquished.

Vanquished Creatures (others)
  22 plants (D:8)
22 creatures vanquished.

Grand Total: 224 creatures vanquished

Notes
Turn   | Place    | Note
-------+----------+-------------------------------------------
     0 | D:1      | myrkia the Ogre Hunter began the quest for the Orb.
     0 | D:1      | Reached XP level 1. HP: 22/22 MP: 1/1
    86 | D:1      | Found Ikkic's Distillery.
   109 | D:1      | Reached skill level 3 in Fighting
   230 | D:1      | Reached XP level 2. HP: 31/31 MP: 2/2
   312 | D:1      | Reached skill level 1 in Throwing
   595 | D:1      | Reached XP level 3. HP: 39/39 MP: 3/3
   614 | D:1      | Reached skill level 4 in Fighting
   935 | D:2      | Found a stormy altar of Qazlal.
  1274 | D:2      | Reached XP level 4. HP: 49/49 MP: 4/4
  1824 | D:1      | Bought 2 potions of degeneration for 24 gold pieces
  1824 | D:1      | Bought a potion of curing for 36 gold pieces
  1967 | D:3      | Reached skill level 5 in Fighting
  2260 | D:2      | Reached XP level 5. HP: 30/57 MP: 5/5
  3325 | D:3      | Found a faded altar of an unknown god.
  3355 | D:3      | Identified the +3 flail "Juacrepn" {drain, rElec Int+2}
  3880 | D:4      | Reached skill level 6 in Fighting
  3880 | D:4      | Reached XP level 6. HP: 28/67 MP: 6/6
  4120 | D:4      | Found Gagh's Distillery.
  4129 | D:4      | Bought a potion of heal wounds for 70 gold pieces
  4245 | D:4      | Noticed Ijyb
  4299 | D:4      | Killed Ijyb
  4906 | D:4      | Found a runed translucent door.
  4907 | D:4      | Noticed Crazy Yiuf
  4937 | D:4      | Found a shimmering altar of Xom.
  5073 | D:5      | Entered Level 5 of the Dungeon
  5207 | D:5      | Reached skill level 1 in Evocations
  5207 | D:5      | Reached XP level 7. HP: 32/76 MP: 7/7
  5208 | D:5      | Reached skill level 7 in Fighting
  5486 | D:5      | Reached skill level 5 in Throwing
  5733 | D:5      | Noticed Duvessa
  6057 | D:5      | Killed Duvessa
  6295 | D:5      | Reached skill level 8 in Fighting
  6700 | D:5      | HP: 3/80 [phantom (7)]
  6704 | D:5      | Reached XP level 8. HP: 26/88 MP: 8/8
  7612 | D:6      | Reached skill level 9 in Fighting
  7893 | D:6      | Found a staircase to the Ecumenical Temple.
  7951 | Temple   | Entered the Ecumenical Temple
  8059 | Temple   | Became a worshipper of Gozag Ym Sagoz the Greedy
  8377 | D:6      | Reached skill level 10 in Fighting
  8687 | D:6      | Reached skill level 11 in Fighting
  8687 | D:6      | Reached XP level 9. HP: 75/105 MP: 9/9
  8953 | D:4      | Killed Crazy Yiuf
 10146 | D:7      | Reached skill level 12 in Fighting
 10693 | D:8      | Found a staircase to the Lair.
 10694 | D:8      | Noticed a komodo dragon
 10727 | D:8      | Reached skill level 13 in Fighting
 11436 | D:8      | Killed a komodo dragon
 11437 | D:8      | Reached skill level 14 in Fighting
 11886 | D:9      | Reached XP level 10. HP: 86/123 MP: 10/10
 11889 | D:9      | Reached skill level 15 in Fighting
 12498 | D:9      | Noticed a cyclops
 12498 | D:9      | Noticed a skeletal warrior
 12498 | D:9      | Noticed a manticore
 12900 | D:9      | Noticed a skeletal warrior
 13087 | Lair:1   | Entered Level 1 of the Lair of Beasts
 13129 | D:8      | Reached skill level 16 in Fighting
 13552 | D:8      | Slain by a yak

Illustrated notes

Levels and vault maps discovered:
D:1:      lightli_molten_gateway, layout_loops_ring, serial_shops,
          nicolae_shop_advertising_works [nicolae_subvault_shop_adworks]
D:2:      layout_loops_ring, basic_altar
D:3:      cheibrodos_helix_gallery, layout_basic,
          hellmonk_ecumenical_altar_lost_god, minivault_23, grunt_ministairs_11,
          solitary_fountain
D:4:      layout_cave_pools, kennysheep_mini, serial_shops,
          nicolae_lakefront_shop, uniq_ijyb, uniq_crazy_yiuf_cottage
D:5:      layout_basic, uniq_duvessa
D:6:      layout_loops_ring, minmay_temple_entry_statues, minmay_circle_x
D:7:      layout_basic, serial_rivers, chequers_serial_rivers_small_b,
          chequers_serial_rivers_small_3, chequers_serial_rivers_small_3,
          chequers_serial_rivers_micro_a, chequers_serial_rivers_micro_e
D:8:      layout_rooms, david_lair_shrubbed
D:9:      layout_stronghold, minmay_evil_grid
Temple:   kilobyte_greek_temple
Lair:1:   layout_misc_corridors

Skill      XL: |  1  2  3  4  5  6  7  8  9 10 |
---------------+-------------------------------+-----
Fighting       | 3 4 5 6 8 11 14 16 | 16.2
Throwing       | 1 2 3 4 5 |  5.3
Evocations     | 1 2 4 |  4.0
Slings         | |  2.9
Dodging        | |  1.7
Stealth        | |  0.6

Action                   |  1- 3 |  4- 6 |  7- 9 | 10-12 || total
-------------------------+-------+-------+-------+-------++-------
Melee: Mace              |       |    60 |       |       ||    60
       Flail             |       |   140 |   299 |    66 ||   505
       Punch             |       |     2 |     8 |     1 ||    11
 Fire: Hunting sling     |   105 |    62 |       |       ||   167
Throw: Dart              |       |     4 |    32 |       ||    36
Invok: Potion Petition   |       |       |       |     1 ||     1
Evoke: Wand              |       |       |     1 |     1 ||     2
  Use: Scroll            |       |     5 |     9 |     1 ||    15
       Potion            |       |     2 |     2 |     1 ||     5
 Stab: Sleeping          |       |       |     1 |       ||     1
       Distracted        |       |       |     1 |       ||     1
Armor: Robe              |    23 |    88 |   127 |    30 ||   268
       Skin              |       |    14 |    20 |       ||    34
Dodge: Dodged            |    38 |   184 |   212 |    33 ||   467

Table legend: (Time is in decaauts)
 A = Elapsed time spent in this place.
 B = Non-inter-level travel time spent in this place.
 C = Inter-level travel time spent in this place.
 D = Time resting spent in this place.
 E = Time spent auto-exploring this place.
 F = Levels seen in this place.
 G = Mean time per level.
                   A        B        C        D        E       F      G
               +--------+--------+--------+--------+--------+-----+--------+
         Total |  13846 |  13327 |    519 |   5954 |   4802 |  11 | 1258.7 |
       Dungeon |  13659 |  13177 |    482 |   5954 |   4698 |   9 | 1517.7 |
        Temple |    146 |    109 |     37 |      0 |     94 |   1 |  146.0 |
          Lair |     40 |     40 |      0 |      0 |     10 |   1 |   40.0 |
               +--------+--------+--------+--------+--------+-----+--------+

Top non-repeatable levels by time:
     D:5: 2344 daAuts
     D:7: 1861 daAuts
     D:4: 1724 daAuts
     D:3: 1628 daAuts
     D:8: 1339 daAuts
     D:2: 1279 daAuts
     D:6: 1279 daAuts
     D:9: 1214 daAuts
     D:1: 987 daAuts
  Temple: 146 daAuts
  Lair:1: 40 daAuts
